 Dungeon Crawl Stone Soup version 0.18-a0-1702-gd20c6a5 (webtiles) character file.

6177 wvc the Spear-Bearer (level 10, 0/84 HPs)
             Began as a Demonspawn Chaos Knight on Apr 6, 2016.
             Slain by an ufetubus (3 damage)
             ... summoned by Xom
             ... on level 10 of the Dungeon.
             The game lasted 00:18:13 (10877 turns).

wvc the Spear-Bearer (Demonspawn Chaos Knight)     Turns: 10877, Time: 00:18:14

Health: 0/84       AC: 12    Str: 12 (13) XL:     10   Next: 60%
Magic:  20/20      EV:  9    Int: 20 (21) God:    Xom [......]
Gold:   442        SH:  0    Dex: 12      Spells: 0 memorised, 9 levels left

rFire  . . .     SeeInvis +     s - +3 glaive of Cereos {chaos, rElec MR+ MP+9 Int+4 SInv}
rCold  + + +     Gourm    .     C - +2 scale mail {MR+}
rNeg   . . .     Faith    .     (shield currently unavailable)
rPois  .         Spirit   .     (helmet restricted)
rElec  +         Dismiss  .     B - +0 cloak
rCorr  .         Reflect  .     f - +0 pair of gloves
SustAt .         Harm     .     n - +2 pair of boots
MR     +++..     Clarity  +     (no amulet)
Stlth  +.........               G - ring of protection from magic
                                H - +1 ring of slaying

@: extremely resistant to hostile enchantments, very unstealthy
A: hooves 1, horns 2, icy blue scales 1, clarity, cold resistance 3, deformed
body, deterioration 1, foul stench 1, high mp 1, mutation resistance 1,
nightstalker 1, sense surroundings 1, robust 2, wild magic 1, rot immunity,
MP-powered wands
a: Renounce Religion


You were on level 10 of the Dungeon.
You worshipped Xom.
You were a very special plaything of Xom.
You were not hungry.

You visited 1 branch of the dungeon, and saw 10 of its levels.

You collected 442 gold pieces.

Inventory:

Hand Weapons
 a - a +0 spear of chaos
 e - the +2 rapier of Yredelemnul's Outrage {venom, MP+9, unknown}
   (You found it on level 10 of the Dungeon)

   It poisons the flesh of those it strikes.
   It affects your magic capacity (+9).
 s - the +3 glaive of Cereos (weapon) {chaos, rElec MR+ MP+9 Int+4 SInv}
   (Xom gifted it to you on level 3 of the Dungeon)

   Each time it hits an enemy it has a different, random effect.
   It affects your intelligence (+4).
   It insulates you from electricity.
   It affects your resistance to hostile enchantments.
   It affects your magic capacity (+9).
   It lets you see invisible.
 I - a +3 trident of venom
Missiles
 k - 2 poisoned javelins (quivered)
Armour
 b - a +2 buckler
 f - a +0 pair of gloves (worn)
 n - a +2 pair of boots (worn)
 B - a +0 cloak (worn)
 C - a +2 scale mail of magic resistance (worn)
Magical Staves
 x - an uncursed staff of power
Jewellery
 i - an uncursed ring of ice
 o - an uncursed ring of stealth
 y - a cursed ring of loudness {unknown}
 G - a ring of protection from magic (right hand)
 H - a +1 ring of slaying (left hand)
Wands
 g - a wand of hasting (3/9)
 m - a wand of slowing (33/48)
Scrolls
 d - 4 scrolls of noise
 u - 4 scrolls of amnesia
 v - 2 scrolls of magic mapping
 w - a scroll of blinking
Potions
 h - 3 potions of agility
 j - a potion of resistance {unknown}
 p - a potion of invisibility {unknown}
 r - 3 potions of flight
 t - 7 potions of might
 z - a potion of heal wounds {unknown}
 A - 3 potions of haste {unknown}
 D - 2 potions of berserk rage {unknown}
 E - a potion of ambrosia {unknown}
 F - 2 potions of lignification {unknown}
Books
 q - a Young Poisoner's Handbook

   Spells                             Type                      Level
   a - Sting                          Conjuration/Poison           1
   b - Cure Poison                    Poison                       2
   c - Mephitic Cloud                 Conjuration/Poison/Air       3
   d - Olgreb's Toxic Radiance        Poison                       4
   e - Venom Bolt                     Conjuration/Poison           5
Comestibles
 c - 6 bread rations
 l - 6 meat rations
 J - 2 fruits
 L - a beef jerky


   Skills:
 + Level 3.5 Fighting
 * Level 14.1 Polearms
 + Level 2.5 Armour
 + Level 1.1 Dodging


You had 9 spell levels left.
You didn't know any spells.

Dungeon Overview and Level Annotations

Branches:
Dungeon (10/15)            Temple (0/1) D:4            Lair (0/8) D:10
    Orc: D:9-12

Altars:
Dithmenos
Gozag
Kikubaaqudgha
Nemelex Xobeh
Pakellas
Ru
Vehumet
Xom
Yredelemnul
The Shining One


Innate Abilities, Weirdness & Mutations

You are partially covered in icy blue scales (AC +1).
You may emit foul miasma when damaged in melee.
You are slightly more attuned to the shadows.
You are immune to rotting.
You have large cloven feet.
You have a pair of horns on your head.
You possess an exceptional clarity of mind.
Your flesh is almost immune to the effects of cold.
Armour fits poorly on your strangely shaped body.
Your body sometimes deteriorates upon taking damage.
You have an increased reservoir of magic (+10% MP).
You are somewhat resistant to further mutation.
You passively map a small area around you.
You are very robust (+20% HP).
Your spells are a little harder to cast, but a little more powerful.
You expend magic power (3 MP) to strengthen your wands.


Message History

The ufetubus hits you.
* * * LOW HITPOINT WARNING * * *
The hellwing hits you but does no damage. x2
The ufetubus hits you but does no damage.
The ufetubus hits you.
* * * LOW HITPOINT WARNING * * *
The white imp closely misses you.
The ufetubus hits you but does no damage.
The ufetubus closely misses you.
You closely miss the hellwing. You headbutt the hellwing.
The hellwing is almost dead.
The ufetubus barely misses you. x2; The hellwing hits you!
* * * LOW HITPOINT WARNING * * *
You emit a cloud of foul miasma!
The hellwing hits you!
* * * LOW HITPOINT WARNING * * *
The ufetubus hits you but does no damage. x2
The white imp hits you but does no damage.
The ufetubus closely misses you. The ufetubus hits you.
You die... "It's all fun and games until someone loses an eye."

#.# ..... * ###....####.# #.#
,...,+** ............## ** .#*
,,+ , .###....####... , ,
.###.........##* . , ,
..............# . ,
,##..#.#...####.## , * +
#####.........# * # , ..
*#...5.........# ,
,§...##...4@.##.###.######
.≈.≈≈≈≈.§......55.##. #......#
.≈≈.≈≈≈§§§##..#+### , #...##.#
.§§§>.≈≈..##..# # #.####.#
.§≈§..§≈......#.# ##+###.#....#
..§≈§§§≈...#..#.# .......#.##.#
..§≈§§§.........+ .......#.##.#
.....§.§...#..#.#........#.##.#
..............................#


You could see a hellwing, a white imp and 2 ufetubi.

Vanquished Creatures
  Erica (D:8)
  An unseen horror (D:9)
  A two-headed ogre (D:8)
  A shadow (D:7)
  A wyvern (D:6)
  3 hippogriffs
  A hungry ghost (D:7)
  Edmund (D:5)
  6 orc warriors
  2 ice beasts
  A wasp (D:8)
  An ogre (D:9)
  A phantom (D:6)
  A centaur (D:9)
  6 giant frogs
  A gnoll sergeant (D:7)
  3 scorpions
  A water moccasin skeleton (D:6)
  4 jellies
  7 killer bees
  5 wights (D:8)
  2 howler monkeys
  4 crimson imps
  2 giant frog zombies
  4 giant frog skeletons
  10 orc priests
  4 hounds
  2 centaur skeletons
  6 orc wizards
  5 worker ants
  A killer bee zombie (D:6)
  A hound skeleton (D:10)
  12 gnolls
  A howler monkey skeleton (D:8)
  11 adders
  4 shadow imps
  3 oozes
  An adder skeleton (D:8)
  3 adder zombies
  2 worms
  7 dart slugs
  6 giant geckos
  26 orcs
  2 ball pythons
  5 bats
  4 giant cockroaches
  16 goblins
  3 hobgoblins
  6 jackals
  10 kobolds
  2 quokkas
  A giant gecko zombie (D:6)
  8 giant newts
  4 rats
227 creatures vanquished.

Vanquished Creatures (others)
  The ghost of wvc the Cudgeler, an amateur OgMo (D:4)
1 creature vanquished.

Grand Total: 228 creatures vanquished

Notes
Turn   | Place    | Note
--------------------------------------------------------------
     0 | D:1      | wvc the Demonspawn Chaos Knight began the quest for the Orb.
     0 | D:1      | Reached XP level 1. HP: 18/18 MP: 1/1
   134 | D:1      | Reached skill level 3 in Polearms
   148 | D:1      | XOM: mild Chrm miscast
   192 | D:1      | Gained mutation: You are immune to rotting. [demonic ancestry]
   192 | D:1      | Reached XP level 2. HP: 24/24 MP: 2/2
   299 | D:1      | XOM: harmless Divn miscast
   565 | D:1      | Gained mutation: You may emit foul miasma when damaged in melee. [demonic ancestry]
   565 | D:1      | Reached XP level 3. HP: 16/29 MP: 3/3
   878 | D:1      | Reached skill level 4 in Polearms
   906 | D:1      | XOM: 5-stop teleportation journey
  1072 | D:1      | XOM: colour smoke trail
  1406 | D:1      | XOM: give mutations
  1406 | D:1      | Gained mutation: You are dopey. (Int -2) [Xom's mischief]
  1406 | D:1      | Gained mutation: Armour fits poorly on your strangely shaped body. [Xom's mischief]
  1494 | D:2      | XOM: summons 5 hostile shadow creatures
  1718 | D:1      | XOM: give mutations
  1718 | D:1      | Gained mutation: You are clumsy. (Dex -2) [Xom's mischief]
  1718 | D:1      | Lost mutation: You are clumsy. (Dex -2) [Xom's mischief]
  1798 | D:2      | XOM: harmless Fire miscast
  1877 | D:2      | Gained mutation: You are partially covered in icy blue scales (AC +1). [demonic ancestry]
  1877 | D:2      | Reached XP level 4. HP: 15/35 MP: 4/4
  2050 | D:2      | XOM: vitrification
  2156 | D:2      | XOM: god gift: 2 poisoned javelins
  2394 | D:2      | XOM: scenery: 1 doors open
  2403 | D:2      | Reached skill level 5 in Polearms
  2854 | D:3      | Reached XP level 5. HP: 41/41 MP: 5/5
  3010 | D:3      | XOM: 3-stop teleportation journey
  3108 | D:3      | Gained mutation: Your body sometimes deteriorates upon taking damage. [potion of mutation]
  3108 | D:3      | Gained mutation: You possess an exceptional clarity of mind. [potion of mutation]
  3108 | D:3      | Gained mutation: You expend magic power (3 MP) to strengthen your wands. [potion of mutation]
  3114 | D:3      | XOM: give mutations
  3114 | D:3      | Gained mutation: You have large cloven feet. [Xom's grace]
  3114 | D:3      | Lost mutation: You are dopey. (Int -2) [Xom's grace]
  3114 | D:3      | Gained mutation: You have an increased reservoir of magic (+10% MP). [Xom's grace]
  3337 | D:3      | XOM: give mutations
  3337 | D:3      | Gained mutation: You are robust (+10% HP). [Xom's grace]
  3337 | D:3      | Gained mutation: You are somewhat resistant to further mutation. [Xom's grace]
  3337 | D:3      | Gained mutation: You have a pair of small horns on your head. [Xom's grace]
  3337 | D:3      | Gained mutation: Your flesh is cold resistant. [Xom's grace]
  3348 | D:3      | XOM: god gift: transparent glaive {god gift}
  3349 | D:3      | Got a transparent glaive {god gift}
  3355 | D:3      | Identified the +3 glaive of Cereos {chaos, rElec MR+ MP+9 Int+4 SInv} (Xom gifted it to you on level 3 of the Dungeon)
  3493 | D:4      | Noticed wvc's ghost (amateur OgMo)
  3495 | D:4      | Killed wvc's ghost
  3495 | D:4      | XOM: divine lightning (protected)
  3674 | D:4      | Found a staircase to the Ecumenical Temple.
  3724 | D:4      | XOM: give mutations
  3724 | D:4      | Gained mutation: Your flesh is very cold resistant. [Xom's grace]
  3724 | D:4      | Gained mutation: You are very robust (+20% HP). [Xom's grace]
  3724 | D:4      | Gained mutation: You passively map a small area around you. [Xom's grace]
  3858 | D:4      | XOM: cast spell 'Spider Form'
  3969 | D:4      | XOM: give mutations
  3969 | D:4      | Gained mutation: Your spells are a little harder to cast, but a little more powerful. [Xom's grace]
  3969 | D:4      | Gained mutation: You have a pair of horns on your head. [Xom's grace]
  3972 | D:4      | XOM: 2-stop teleportation journey
  4185 | D:4      | Reached skill level 6 in Polearms
  4319 | D:5      | Entered Level 5 of the Dungeon
  4335 | D:5      | Reached XP level 6. HP: 56/56 MP: 6/6
  4481 | D:5      | Lost mutation: You are somewhat resistant to further mutation. [potion of mutation]
  4481 | D:5      | Gained mutation: Your flesh is almost immune to the effects of cold. [potion of mutation]
  4497 | D:5      | Noticed Edmund
  4508 | D:5      | Killed Edmund
  4508 | D:5      | Reached skill level 7 in Polearms
  4529 | D:5      | Noticed an ice beast
  4534 | D:5      | Killed an ice beast
  4534 | D:5      | Reached XP level 7. HP: 37/62 MP: 7/7
  4574 | D:5      | Found a basalt altar of Yredelemnul.
  4584 | D:5      | Found a radiant altar of Vehumet.
  4585 | D:5      | Found a shadowy altar of Dithmenos.
  4587 | D:5      | Found an ancient bone altar of Kikubaaqudgha.
  4590 | D:5      | Found an opulent altar of Gozag.
  4591 | D:5      | Found an oddly glowing altar of Pakellas.
  4626 | D:5      | XOM: colour smoke trail
  4648 | D:5      | XOM: harmless Hex miscast
  4767 | D:5      | Found a glowing golden altar of the Shining One.
  4905 | D:5      | Reached skill level 8 in Polearms
  4918 | D:5      | XOM: scenery: create altars
  4939 | D:5      | XOM: harmless Pois miscast
  4984 | D:6      | XOM: potion effect (agility)
  5038 | D:6      | XOM: give mutation
  5038 | D:6      | Gained mutation: You are somewhat resistant to further mutation. [Xom's grace]
  5272 | D:6      | Noticed a hippogriff
  5290 | D:6      | XOM: cast spell 'Summon Small Mammal'
  5292 | D:6      | XOM: scenery: create altars
  5295 | D:6      | Killed a hippogriff
  5295 | D:6      | Reached skill level 9 in Polearms
  5295 | D:6      | Reached XP level 8. HP: 44/69 MP: 8/8
  5306 | D:6      | XOM: harmless Necr miscast
  5504 | D:6      | XOM: harmless Ice miscast
  5736 | D:6      | XOM: 1-stop teleportation journey
  5782 | D:6      | XOM: 2-stop teleportation journey
  5865 | D:6      | XOM: fog
  5876 | D:6      | Reached skill level 10 in Polearms
  5880 | D:6      | XOM: polymorph orc -> rat
  6150 | D:7      | XOM is BORED!
  6150 | D:7      | XOM: noise
  6164 | D:7      | XOM: silly message
  6270 | D:7      | Reached skill level 11 in Polearms
  6274 | D:7      | Reached XP level 9. HP: 38/75 MP: 9/9
  6302 | D:7      | XOM: noise
  6508 | D:7      | XOM: divination: detect items
  6573 | D:7      | XOM: noise
  6737 | D:7      | XOM: mild Divn miscast
  7031 | D:7      | XOM: harmless Chrm miscast
  7084 | D:7      | XOM: noise
  7095 | D:7      | XOM: silly message
  7249 | D:8      | Noticed Erica
  7276 | D:7      | HP: 2/75 [giant frog (6)]
  7287 | D:7      | Reached skill level 12 in Polearms
  7301 | D:7      | XOM: mild Summ miscast
  7608 | D:8      | XOM: divination: detect creatures
  7614 | D:8      | Killed Erica
  7839 | D:8      | XOM: polymorph howler monkey -> killer bee
  7917 | D:8      | Found a sparkling altar of Nemelex Xobeh.
  7934 | D:8      | Reached skill level 13 in Polearms
  8126 | D:8      | Gained mutation: You are slightly more attuned to the shadows. [demonic ancestry]
  8126 | D:8      | Reached XP level 10. HP: 84/84 MP: 11/11
  8348 | D:8      | XOM: vitrification
  8671 | D:8      | XOM: 9-stop teleportation journey
  8700 | D:9      | XOM: potion effect (heal wounds)
  9439 | D:8      | XOM is BORED!
  9439 | D:8      | XOM: mild Necr miscast
  9572 | D:8      | XOM: smoke on damage
  9573 | D:8      | Reached skill level 1 in Dodging
  9771 | D:9      | Found a sacrificial altar of Ru.
  9862 | D:9      | XOM: medium Tloc miscast
 10032 | D:9      | Noticed an unseen horror
 10042 | D:9      | Killed an unseen horror
 10042 | D:9      | Reached skill level 14 in Polearms
 10152 | D:9      | XOM: scenery: 1 doors open
 10402 | D:10     | Entered Level 10 of the Dungeon
 10536 | D:10     | Got a pitted rapier
 10601 | D:10     | XOM: scenery: create altars
 10686 | D:10     | XOM: colour smoke trail
 10741 | D:10     | Found a staircase to the Lair.
 10857 | D:10     | XOM: summons 5 hostile demons
 10877 | D:10     | HP: 3/84 [hellwing[Xom] (7)]
 10877 | D:10     | Slain by an ufetubus

Vault maps used:
D:1:      dpeg_arrival_circle_labyrinth_c
D:2:      kennysheep_generic_room_6
D:3:      minmay_strange_pillars
D:4:      minmay_temple_entry_enclosed_plants
D:5:      minitemple, nicolae_overflow_crystal_walls, first_bread, uniq_edmund
D:8:      basic_altar, uniq_erica
D:9:      nicolae_ru_great_annihilating_truth
D:10:     minmay_lair_entry_lava, hangedman_weighted_door

Skill      XL: |  1  2  3  4  5  6  7  8  9 10 |
---------------+-------------------------------+-----
Polearms       | 3 4 5 6 7 9 11 13 14 | 14.1
Dodging        | 1 |  1.1
Armour         | 2 |  2.5
Fighting       | |  3.5

Action                   |  1- 3 |  4- 6 |  7- 9 | 10-12 || total
-------------------------+-------+-------+-------+-------++-------
Melee: Spear             |   118 |   109 |       |       ||   227
       Glaive            |       |    60 |   288 |   184 ||   532
  Use: Scroll            |       |     8 |     7 |     5 ||    20
       Potion            |       |     2 |     2 |       ||     4
 Stab: Sleeping          |     2 |     9 |       |       ||    11
       Confused          |       |     1 |       |       ||     1
       Paralysed         |       |     1 |     2 |     1 ||     4
       Petrified         |       |     1 |       |       ||     1
       Petrifying        |       |       |     1 |     1 ||     2
  Eat: Meat ration       |     1 |       |     1 |     1 ||     3
       Chunk             |       |     2 |     4 |     3 ||     9
       Fruit             |       |     3 |     3 |     4 ||    10
       Beef jerky        |       |     1 |     2 |       ||     3
       Pizza             |       |       |     1 |       ||     1
